 Dungeon Crawl Stone Soup version 0.27.0-1-g7a089689b8 (webtiles) character file.

Game seed: 11258922895649926234

122897 SnakkuSnakku7 the Warrior (level 16, -4/162 HPs)
             Began as a Minotaur Monk on Aug 11, 2021.
             Was the Champion of Okawaru.
             Slain by a reaper (37 damage)
             ... on level 4 of Gehenna.
             The game lasted 00:37:11 (20975 turns).

SnakkuSnakku7 the Warrior (Minotaur Monk)          Turns: 20975, Time: 00:37:12

Health: -4/162     AC: 28    Str: 22    XL:     16   Next: 35%
Magic:  25/25      EV: 10    Int:  7    God:    Okawaru [******]
Gold:   752        SH: 12    Dex: 14    Spells: 15/15 levels left

rFire    + . .     SeeInvis .   a - +3 demon trident (venom)
rCold    . . .     Faith    .   J - +0 kite shield {AC+3}
rNeg     . . .     Spirit   .   A - +5 plate armour {rF+}
rPois    .         Reflect  .   (helmet unavailable)
rElec    .         Harm     .   r - +0 cloak
rCorr    .         Rampage  .   (no gloves)
Will     +....                  F - +2 pair of boots
Stlth    ..........             (no amulet)
HPRegen  0.37/turn              i - ring of flight
MPRegen  0.19/turn              B - +4 ring of slaying

@: flying, studying Staves
A: horns 3, retaliatory headbutt, deterioration 1, high mp 2
a: Renounce Religion, Heroism, Finesse


You were on level 4 of Gehenna.
You worshipped Okawaru.
Okawaru was exalted by your worship.
You visited 5 branches of the dungeon, and saw 23 of its levels.
You also visited: Sewer.

You collected 1364 gold pieces.
You spent 612 gold pieces at shops.

Inventory:

Hand Weapons
 a - a +3 demon trident of venom (weapon)
Missiles
 t - 13 curare-tipped darts (quivered)
 E - 2 throwing nets
Armour
 d - the +11 plate armour of Gestures {Str+6 Int-2}
   (You found it on level 15 of the Dungeon)

   Str:       It affects your strength (+6).
   Int:       It affects your intelligence (-2).
 r - a +0 cloak (worn)
 A - a +5 plate armour of fire resistance (worn)
 F - a +2 pair of boots (worn)
 J - a +0 kite shield of protection (worn)
Jewellery
 i - a ring of flight (left hand)
 j - a +4 ring of protection
 u - a ring of see invisible
 x - a ring of protection from fire
 B - a +4 ring of slaying (right hand)
 D - a ring of resist corrosion
 H - a +4 ring of evasion
Wands
 q - a wand of polymorph (14)
 s - a wand of iceblast (30)
 y - a wand of flame (30)
 C - a wand of mindburst (11)
Scrolls
 f - a scroll of fog
 g - a scroll of brand weapon
 h - 2 scrolls of summoning
 m - a scroll of magic mapping
 v - 4 scrolls of teleportation
 G - 4 scrolls of immolation
Potions
 b - a potion of invisibility
 c - 2 potions of cancellation
 k - 2 potions of mutation
 n - 3 potions of curing
 o - 2 potions of brilliance
 z - 3 potions of attraction


   Skills:
 - Level 20.0 Fighting
 - Level 14.0 Maces & Flails
 - Level 14.0 Polearms
 + Level 12.4 Armour
 - Level 9.9 Dodging
 - Level 1.5 Stealth
 - Level 10.0 Shields
 - Level 8.0 Invocations


You had 15 spell levels left.
You didn't know any spells.
Your spell library contained the following spells:

 Spells                   Type           Power      Damage    Failure   Level
 Beastly Appendage        Tmut           0%         N/A       100%        1
 Corona                   Hex            0%         N/A       100%        1
 Freeze                   Ice            0%         1d3       100%        1
 Sandblast                Erth           0%         2d4       100%        1
 Shock                    Conj/Air       0%         1d3       100%        1
 Summon Small Mammal      Summ           0%         N/A       100%        1
 Blink                    Tloc           N/A        N/A       100%        2
 Ensorcelled Hibernation  Hex/Ice        0%         N/A       100%        2
 Passwall                 Tmut/Erth      0%         N/A       100%        2
 Call Canine Familiar     Summ           0%         N/A       100%        3
 Conjure Flame            Conj/Fire      0%         6-21      100%        3
 Frozen Ramparts          Ice            0%         1d2       100%        3
 Gell's Gravitas          Tloc           0%         N/A       100%        3
 Ignite Poison            Fire/Tmut/Pois 0%         N/A       100%        3
 Lesser Beckoning         Tloc           0%         N/A       100%        3
 Mephitic Cloud           Conj/Pois/Air  0%         N/A       100%        3
 Portal Projectile        Hex/Tloc       0%         N/A       100%        3
 Spider Form              Tmut/Pois      0%         N/A       100%        3
 Stone Arrow              Conj/Erth      0%         3d7       100%        3
 Summon Guardian Golem    Hex/Summ       0%         N/A       100%        3
 Swiftness                Air            0%         N/A       100%        3
 Teleport Other           Tloc           0%         N/A       100%        3
 Tukima's Dance           Hex            0%         N/A       100%        3
 Airstrike                Air            0%         N/A       100%        4
 Animate Armour           Summ/Erth      0%         N/A       100%        4
 Animate Dead             Necr           0%         N/A       100%        4
 Hailstorm                Conj/Ice       0%         3d3       100%        4
 Ice Form                 Ice/Tmut       0%         N/A       100%        4
 Sticky Flame             Conj/Fire      0%         2d3       100%        4
 Alistair's Intoxication  Tmut/Pois      0%         N/A       100%        5
 Blade Hands              Tmut           0%         N/A       100%        5
 Irradiate                Conj/Tmut      0%         3d13      100%        5
 Lee's Rapid Deconstruct  Erth           0%         3d5*      100%        5
 Dispersal                Tloc           0%         N/A       100%        6
 Invisibility             Hex            0%         N/A       100%        6
 Shadow Creatures         Summ           N/A        N/A       100%        6
 Haunt                    Necr/Summ      0%         N/A       100%        7
 Malign Gateway           Summ/Tloc      0%         N/A       100%        7
 Disjunction              Tloc           0%         N/A       100%        8
 Infestation              Necr           0%         N/A       100%        8
 Lehudib's Crystal Spear  Conj/Erth      0%         10d2      100%        8
 Summon Horrible Things   Summ           0%         N/A       100%        8


Dungeon Overview and Level Annotations

Branches:
Dungeon (15/15)            Temple (1/1) D:7            Lair (0/6) D:9
    Orc (0/2) D:10         Vaults (0/5) D:13         Depths (2/5) D:15
   Hell (visited)             Geh (4/7) Hell          Sewer (visited)
    Dis: Hell:1         Coc: Hell:1         Tar: Hell:1

Altars:
Ashenzari
Cheibriados
Dithmenos
Elyvilon
Fedhas
Gozag
Hepliaklqana
Kikubaaqudgha
Makhleb
Nemelex Xobeh
Okawaru
Qazlal
Ru
Sif Muna
Trog
Uskayaw
Vehumet
Wu Jian
Xom
Yredelemnul
Zin
The Shining One

Shops:
D:3 (   D:7 !   D:9 [   Depths:1 =:=*

Portals:
Hell: Depths:1 Depths:2
Abyss: Depths:1
Ziggurat: Depths:2

Annotations:
Depths:2 exclusion: orange crystal statue
Hell Geryon


Innate Abilities, Weirdness & Mutations

You have a pair of large horns on your head.
You reflexively headbutt those who attack you in melee.
Your body sometimes deteriorates upon taking damage.
You have a considerably increased reservoir of magic. (+20% MP)


Message History

The anaconda zombie is almost destroyed.
You block the anaconda zombie's attack. The anaconda zombie constricts you.
You block the wraith's attack.
You hit the anaconda zombie. You headbutt the anaconda zombie!
The anaconda zombie is almost destroyed.
The anaconda zombie closely misses you. You furiously retaliate!
You headbutt the anaconda zombie!
You destroy the anaconda zombie!
Okawaru accepts your kill. You block the wraith's attack.
You block the wraith's attack.
You impale the wraith!!
You destroy the wraith!
Okawaru accepts your kill.
You start resting.
Magic restored.
You start resting.
Something unseen opens the door.
You start resting.
A reaper is nearby!
The reaper shouts, "Die, SnakkuSnakku7!"
Reach: a) +3 demon trident (venom)
Press: ? - help, Dir - move target, f - reaper
Aim: a reaper, wielding a +2 scythe of flaming (about 22% to evade your +3 demon trident of venom)
You reach to attack!
You puncture the reaper!
The reaper is lightly wounded.
Unknown command.
Reach: a) +3 demon trident (venom)
Press: ? - help, Dir - move target, f/p - reaper
Aim: a reaper, wielding a +2 scythe of flaming (lightly wounded, about 22% to evade your +3 demon trident of venom)
You reach to attack!
You impale the reaper!!
The reaper is heavily wounded.
The reaper hits you but does no damage.
Reach: a) +3 demon trident (venom)
Press: ? - help, Dir - move target, f/p - reaper
Aim: a reaper, wielding a +2 scythe of flaming (heavily wounded, about 22% to evade your +3 demon trident of venom)
You reach to attack!
You puncture the reaper!
The reaper is severely wounded.
You feel like a meek peon again.
The reaper hits you from afar with a +2 scythe of flaming!!!
You die...

#... #.....≈ #.
#.....≈ ##.###.....≈
.○.........###
#........##.##
#.≈≈≈≈..##...## #○
#.≈#≈...2[....#
#§####......§##@..##
☼☼°°........§≈##.##
§°°..........§####
§§≈§≈..≈≈...§§#
#≈≈≈≈≈≈≈≈≈§§≈#
#≈≈§§§§###≈≈##
##≈≈§§≈# ####
#######


You could see a reaper.

Vanquished Creatures
  2 Brimstone Fiends (Geh:4)
  A storm dragon (Depths:2)
  A fire giant (Depths:1)
  2 frost giants (Depths:1)
  A balrug (Hell)
  A cacodemon (Depths:2)
  2 reapers (Hell)
  2 very ugly things (Depths:1)
  5 stone giants
  Nessos (D:14)
  Snorg (D:13)
  2 ettins (Depths:2)
  3 fire dragons
  A blizzard demon (Depths:2)
  5 great orbs of eyes
  Harold (D:9)
  3 hydras
  8 vault guards
  2 boulder beetles
  An ogre mage (D:13)
  2 rakshasas (Depths:1)
  2 spriggan air magi (Depths:2)
  5 centaur warriors
  A death knight (D:10)
  7 hell hogs
  2 tengu warriors
  A deep troll shaman (Depths:1)
  3 spriggan berserkers (Depths:2)
  A shock serpent (shapeshifter) (D:15)
  3 deep troll earth magi (Depths:2)
  A vampire mage (D:15)
  7 hell knights (Depths:1)
  Sonja (D:13)
  2 iron trolls (Depths:1)
  2 soul eaters (Hell)
  7 sun demons
  7 skeletal warriors
  A golden dragon zombie (Geh:3)
  3 glowing orange brains
  3 deep trolls (Depths:1)
  A spark wasp zombie (Hell)
  An anaconda zombie (Geh:4)
  A ghost moth zombie (Geh:4)
  3 deep elf archers (Depths:2)
  A necromancer (D:15)
  An orc knight (D:14)
  Pikel (D:6)
  A sphinx zombie (Hell)
  An orb spider (shapeshifter) (D:14)
  19 ugly things
  A shining eye (Depths:2)
  2 cyclopes
  2 manticores
  An elf zombie (D:15)
  6 smoke demons (Hell)
  A torpor snail (shapeshifter) (Depths:1)
  2 molten gargoyles (Hell)
  An orange demon (Depths:2)
  3 gargoyles
  Maggie (D:8)
  2 freezing wraiths
  2 unseen horrors
  2 yaktaurs
  An efreet (D:13)
  3 tengu conjurers
  4 meliai
  Grinder (D:3)
  2 spriggan zombies (D:15)
  2 trolls
  A deep troll zombie (Hell)
  A hornet (D:13)
  A fire dragon zombie (D:15)
  8 flying skulls
  3 shadows
  A tarantella (shapeshifter) (D:12)
  4 water elementals (Depths:2)
  4 yaks (D:9)
  A vampire (D:11)
  6 fire elementals
  3 wraiths
  Grum (D:10)
  3 basilisks
  A black mamba skeleton (Geh:4)
  17 vampire mosquitoes
  Edmund (D:4)
  A water moccasin (D:8)
  4 acid dragons
  3 orc warriors
  Duvessa (D:4)
  A floating eye (Depths:2)
  4 necrophages
  2 ogres
  4 wolves (D:10)
  14 centaurs
  2 phantoms
  4 lemures (D:6)
  6 bullfrogs
  5 kobold brigands
  2 scorpions
  3 gnoll sergeants
  Dowan (D:4)
  A wyvern zombie (D:9)
  A water moccasin skeleton (D:5)
  4 killer bees (D:8)
  11 wights
  7 howler monkeys
  A bullfrog zombie (D:6)
  2 electric eels (D:7)
  A crimson imp (Geh:3)
  5 centaur zombies
  3 hounds
  2 jellies
  2 bullfrog skeletons
  4 orc priests
  Crazy Yiuf (D:3)
  A centaur skeleton (D:7)
  A scorpion zombie (D:5)
  Terence (D:2)
  4 iguanas
  8 orc wizards
  A hound skeleton (D:5)
  2 howler monkey zombies
  Robin (D:4)
  10 adders
  18 gnolls
  2 river rats (Sewer)
  A shadow imp (D:7)
  A white imp (D:7)
  An ufetubus (D:5)
  2 worms (Sewer)
  3 dart slugs
  28 orcs
  8 bats
  3 endoplasms
  7 giant cockroaches
  15 goblins
  10 hobgoblins
  A jackal (D:5)
  4 quokkas
  7 ball pythons
  4 frilled lizards
  14 kobolds
  7 rats
498 creatures vanquished.

Vanquished Creatures (others)
  A wolf spider zombie (Geh:4)
  A black mamba zombie (Geh:4)
  An ettin skeleton (Geh:4)
  10 fungi (Depths:2)
  12 plants
  6 withered plants (D:15)
31 creatures vanquished.

Grand Total: 529 creatures vanquished

Notes
Turn   | Place    | Note
-------+----------+-------------------------------------------
     0 | D:1      | SnakkuSnakku7 the Minotaur Monk began the quest for the
                  | Orb.
     0 | D:1      | Reached XP level 1. HP: 19/19 MP: 0/0
    52 | D:1      | Found a faded altar of an unknown god.
   113 | D:1      | Reached skill level 4 in Fighting
   144 | D:1      | Reached XP level 2. HP: 26/27 MP: 1/1
   733 | D:2      | Reached XP level 3. HP: 32/34 MP: 2/2
   847 | D:2      | Reached skill level 5 in Fighting
  1126 | D:2      | Noticed Terence
  1130 | D:2      | Killed Terence
  1131 | D:2      | Reached XP level 4. HP: 44/44 MP: 3/3
  1314 | D:3      | Found Umuupiuk's Weapon Shoppe.
  1377 | D:3      | Found a runed translucent door.
  1378 | D:3      | Noticed Crazy Yiuf
  1437 | D:3      | Noticed Grinder
  1451 | D:3      | Killed Grinder
  1452 | D:3      | Reached skill level 8 in Fighting
  1452 | D:3      | Reached XP level 5. HP: 53/53 MP: 4/4
  1452 | D:3      | Reached XP level 6. HP: 61/61 MP: 5/5
  1526 | D:3      | Reached skill level 1 in Armour
  1621 | D:3      | Found a broken altar of Ashenzari.
  1783 | D:3      | Paralysed by Crazy Yiuf for 4 turns
  1790 | D:3      | Killed Crazy Yiuf
  1993 | D:4      | Noticed Edmund
  2131 | D:4      | Noticed Robin
  2151 | D:4      | Killed Robin
  2178 | D:4      | Noticed Duvessa
  2179 | D:4      | Noticed Dowan
  2227 | D:4      | Killed Duvessa
  2228 | D:4      | Reached skill level 5 in Maces & Flails
  2228 | D:4      | Reached XP level 7. HP: 25/68 MP: 6/6
  2434 | D:4      | Found a glowing drain.
  2448 | Sewer    | Entered a sewer
  2937 | Sewer    | Gained mutation: You have an increased reservoir of magic.
                  | (+10% MP) [potion of mutation]
  2937 | Sewer    | Gained mutation: You sometimes lose the ability to read
                  | scrolls when taking damage. [potion of mutation]
  2937 | Sewer    | Gained mutation: You have a considerably increased
                  | reservoir of magic. (+20% MP) [potion of mutation]
  2964 | Sewer    | Lost mutation: You sometimes lose the ability to read
                  | scrolls when taking damage. [potion of mutation]
  2964 | Sewer    | Gained mutation: Your body sometimes deteriorates upon
                  | taking damage. [potion of mutation]
  2964 | Sewer    | Gained mutation: You have a pair of large horns on your
                  | head. [potion of mutation]
  2988 | Sewer    | Reached skill level 12 in Fighting
  2988 | Sewer    | Reached XP level 8. HP: 85/85 MP: 8/8
  3152 | D:4      | Killed Edmund
  3365 | D:4      | Killed Dowan
  3527 | D:5      | Entered Level 5 of the Dungeon
  3582 | D:5      | Found an ancient bone altar of Kikubaaqudgha.
  3583 | D:5      | Found an ornate altar of the Wu Jian Council.
  3583 | D:5      | Found a shimmering altar of Xom.
  3585 | D:5      | Found a shimmering blue altar of Sif Muna.
  3663 | D:5      | Reached XP level 9. HP: 61/92 MP: 9/9
  4334 | D:6      | Found an opulent altar of Gozag.
  4490 | D:6      | Got the Grimoire of Rubbish
  4564 | D:6      | Found a sparkling altar of Nemelex Xobeh.
  4805 | D:6      | Noticed Pikel
  4834 | D:6      | Killed Pikel
  5132 | D:7      | Found a transporter.
  5146 | D:7      | Found a staircase to the Ecumenical Temple.
  5159 | Temple   | Entered the Ecumenical Temple
  5242 | D:7      | Found Kotrege's Distillery.
  5312 | D:7      | Found a transporter.
  5343 | D:7      | Found a white marble altar of Elyvilon.
  5572 | D:7      | Reached skill level 5 in Armour
  5622 | D:7      | Bought a potion of degeneration for 12 gold pieces
  5815 | D:8      | Found a hide-covered altar of Uskayaw.
  5815 | D:8      | Noticed a +0 spear
  5815 | D:8      | Noticed a +0 spear
  5816 | D:8      | Noticed a +0 falchion
  5816 | D:8      | Noticed a +0 falchion
  5826 | D:8      | Noticed a +0 short sword
  5826 | D:8      | Noticed a +0 dagger
  5827 | D:8      | Noticed a +0 short sword
  5827 | D:8      | Noticed a +0 dagger
  5842 | D:8      | Reached XP level 10. HP: 80/100 MP: 11/11
  5941 | D:8      | Noticed Maggie
  5962 | D:8      | Killed Maggie
  6737 | D:9      | Found a staircase to the Lair.
  6859 | D:9      | Found an iron altar of Okawaru.
  6870 | D:9      | Became a worshipper of Warmaster Okawaru
  6870 | D:9      | Reached * piety under Okawaru
  6870 | D:9      | Reached ** piety under Okawaru
  7106 | D:9      | Reached skill level 1 in Invocations
  7245 | D:9      | Noticed Harold
  7285 | D:9      | Killed Harold
  7285 | D:9      | Reached *** piety under Okawaru
  7286 | D:9      | Reached XP level 11. HP: 81/105 MP: 13/16
  7343 | D:9      | Found Eseis's Antique Armour Shoppe.
  7617 | D:7      | Bought a potion of experience for 600 gold pieces
  7617 | D:7      | Reached XP level 12. HP: 113/113 MP: 17/17
  7694 | D:10     | Entered Level 10 of the Dungeon
  7776 | D:10     | Reached skill level 5 in Invocations
  7788 | D:10     | Noticed a death knight
  7788 | D:10     | Noticed a seven-headed hydra
  7795 | D:10     | Killed a seven-headed hydra
  7806 | D:10     | Killed a death knight
  7857 | D:10     | Reached **** piety under Okawaru
  7858 | D:10     | Noticed Grum
  7881 | D:10     | Killed Grum
  8055 | D:10     | Found a staircase to the Orcish Mines.
  8936 | D:11     | Reached skill level 13 in Fighting
  8941 | D:11     | Identified a scroll of acquirement
  9059 | D:9      | Acquired a +1 demon trident of venom
  9178 | D:11     | You fall into a shaft and drop 3 floors!
  9186 | D:14     | Reached skill level 1 in Polearms
  9211 | D:14     | Noticed a boulder beetle
  9284 | D:13     | Noticed Snorg
  9294 | D:13     | Killed Snorg
  9294 | D:13     | Reached ***** piety under Okawaru
  9467 | D:13     | Reached skill level 5 in Polearms
  9595 | D:13     | Noticed Sonja
  9599 | D:13     | Killed Sonja
 10135 | D:12     | Received a gift from Okawaru
 10250 | D:12     | Reached XP level 13. HP: 122/122 MP: 21/21
 10693 | D:13     | Found a gate to the Vaults.
 10710 | D:13     | Reached skill level 10 in Polearms
 10817 | D:12     | Reached skill level 1 in Shields
 10837 | D:12     | Reached ****** piety under Okawaru
 11549 | D:13     | Received a gift from Okawaru
 11712 | D:13     | Found a runed translucent door.
 11713 | D:13     | Found a runed translucent door.
 12353 | D:13     | Got Intex Git's Papyrus of the Compass and Earth
 12353 | D:13     | Got the Handbook of Poisoning
 12697 | D:14     | Reached skill level 5 in Shields
 12777 | D:14     | Noticed Nessos
 12789 | D:14     | Killed Nessos
 12790 | D:14     | Reached XP level 14. HP: 117/129 MP: 23/23
 13145 | D:14     | Received a gift from Okawaru
 13256 | D:15     | Entered Level 15 of the Dungeon
 13677 | D:14     | Received a gift from Okawaru
 13861 | D:15     | Found a staircase to the Depths.
 14117 | D:15     | Identified the +11 plate armour of Gestures {Str+6 Int-2}
 14275 | D:15     | Found an iron altar of Okawaru.
 14291 | D:15     | Reached skill level 10 in Shields
 15081 | D:15     | Found a stormy altar of Qazlal.
 15298 | Depths:1 | Entered Level 1 of the Depths
 15299 | Depths:1 | Found a one-way gate to the infinite horrors of the Abyss.
 15354 | Depths:1 | Noticed a stone giant
 15382 | Depths:1 | Reached skill level 14 in Fighting
 15421 | Depths:1 | Found Duwnis's Jewellery Shoppe.
 15421 | Depths:1 | Found Sesaegh's Book Shop.
 15422 | Depths:1 | Found Gyagophe's Jewellery Shoppe.
 15441 | Depths:1 | Found Zin's Purification Station.
 15447 | Depths:1 | Found a glowing silver altar of Zin.
 15478 | Depths:1 | Noticed a frost giant
 15494 | Depths:1 | Killed a frost giant
 15517 | Depths:1 | Noticed a brown very ugly thing
 15517 | Depths:1 | Noticed a brown very ugly thing
 15540 | Depths:1 | Killed a brown very ugly thing
 15548 | Depths:1 | Killed a brown very ugly thing
 15670 | Depths:1 | Reached skill level 15 in Fighting
 15773 | Depths:1 | Received a gift from Okawaru
 16068 | Depths:1 | Reached skill level 16 in Fighting
 16292 | Depths:1 | Paralysed by a great orb of eyes for 4 turns
 16393 | Depths:1 | Noticed a fire giant
 16407 | Depths:1 | Killed a fire giant
 16408 | Depths:1 | Reached XP level 15. HP: 116/145 MP: 21/24
 16426 | Depths:1 | Received a gift from Okawaru
 16446 | Depths:1 | Found a gateway to Hell.
 16447 | Depths:1 | Noticed a frost giant
 16462 | Depths:1 | Killed a frost giant
 16559 | Depths:1 | Reached skill level 17 in Fighting
 17334 | Depths:2 | Found a gateway to a ziggurat.
 17762 | Depths:2 | Noticed a storm dragon
 17870 | Depths:2 | Reached skill level 18 in Fighting
 17887 | Depths:2 | Paralysed by a floating eye for 3 turns
 18034 | Depths:2 | Noticed a storm dragon
 18138 | Depths:2 | Killed a storm dragon
 18138 | Depths:2 | Received a gift from Okawaru
 18361 | Depths:2 | Reached skill level 19 in Fighting
 18371 | Depths:2 | Noticed a lich
 18431 | Hell     | Entered the Vestibule of Hell
 18438 | Hell     | Noticed Geryon
 19471 | Hell     | Received a gift from Okawaru
 19771 | Hell     | Reached skill level 20 in Fighting
 19788 | Hell     | Reached XP level 16. HP: 90/162 MP: 25/25
 19790 | Hell     | Found a gateway to the ashen valley of Gehenna.
 19843 | Hell     | HP: 6/243 [balrug (9)]
 19848 | Hell     | HP: 5/243 [burnt (2)]
 20269 | Hell     | Reached skill level 10 in Armour
 20375 | Geh:1    | Entered Level 1 of Gehenna
 20720 | Geh:4    | Noticed a Brimstone Fiend
 20729 | Geh:4    | Killed a Brimstone Fiend
 20729 | Geh:4    | Received a gift from Okawaru
 20935 | Geh:4    | Noticed a Brimstone Fiend
 20941 | Geh:4    | Killed a Brimstone Fiend
 20975 | Geh:4    | Slain by a reaper

Illustrated notes

Levels and vault maps discovered:
D:1:      dpeg_arrival_refuge, layout_loops_ring,
          hellmonk_ecumenical_altar_run_dry
D:2:      layout_loops_ring, uniq_terence
D:3:      layout_rooms, nicolae_ashenzari_skybound, serial_shops,
          nicolae_shop_window_shopping, uniq_crazy_yiuf_cottage, uniq_grinder
D:4:      cheibrodos_greedy_goblins, layout_basic, cheibrodos_sewer_entry_drain,
          nrook_mini_vaults, uniq_robin, uniq_duvessa, uniq_edmund
D:5:      layout_cave_pods, chequers_temple_overflow_statue_of_worship,
          minmay_manual_mandibuliform
D:6:      layout_gridville, mainiacjoe_overflow_cross_hatched,
          nemelex_diamond_rough_becter, uniq_pikel
D:7:      gammafunk_steamed_eel, layout_basic, elyvilon_altar_3,
          minmay_temple_entry_crystal_x, serial_shops, nicolae_shop_waterfront
D:8:      layout_loops_ring, nicolae_uskayaw_en_pointe, uniq_maggie
D:9:      minmay_s_stair_smasher, layout_small_grid,
          mainiacjoe_overflow_24_doors, lair_entry_dummy, serial_shops, shop,
          wad_floor_pattern_1, uniq_harold
D:10:     layout_basic, david_orc_2, minmay_misc_feat_columns,
          kennysheep_doodads, minivault_20, uniq_grum
D:11:     layout_roguey
D:12:     layout_small_grid, kennysheep_generic_room_14
D:13:     minmay_the_grid_triangle_9x9_recursive_3
          [minmay_the_grid_triangle_9x9_tough_junction,
          minmay_the_grid_triangle_9x9_sprig,
          minmay_the_grid_triangle_9x9_dagger,
          minmay_the_grid_triangle_9x9_prize_top_heavy,
          minmay_the_grid_triangle_9x9_intruding_spiral,
          minmay_the_grid_triangle_9x9_odd_lines,
          minmay_the_grid_triangle_9x9_shrine,
          minmay_the_grid_triangle_9x9_empty,
          minmay_the_grid_triangle_9x9_zippers_horizontal], layout_rooms,
          erik_vaults_2, uniq_sonja, uniq_snorg
D:14:     layout_cave_pools, minmay_misc_feat_tower, uniq_nessos
D:15:     gammafunk_depths_entry_grave, layout_cave_pools, grunt_qazlal_clouds,
          serial_glass, glass_columns_c, glass_columns_a, okawaru_gym_becter
Temple:   minmay_temple_bridge_abc
Depths:1: layout_gridville, hangedman_abyss_or_decor_clamps, pf_coc_iceberg,
          abyss_entry, zin_purify, minmay_shop_grove
Depths:2: gammafunk_depths_water_palace, layout_gridlike, enter_ziggurat_d,
          serial_glass, glass_columns_a, glass_columns_c, hell_entry,
          kennysheep_small_spiral
Hell
Geh:1:    layout_gehenna_pools_triple
Geh:2:    layout_gehenna_lava_caves
Geh:3:    layout_gehenna_lava_caves
Geh:4:    layout_gehenna_lava_caves, lemuel_flamethrower_2

Skill      XL: |  1  2  3  4  5  6  7  8  9 10 11 12 13 14 15 16 |
---------------+-------------------------------------------------+-----
Fighting       | 4 5 8 12 13 16 20 | 20.0
Maces & Flails | 4 5 12 14 | 14.0
Armour         | 3 5 9 12 | 12.4
Invocations    | 4 8 |  8.0
Dodging        | 9 |  9.9
Polearms       | 9 14 | 14.0
Shields        | 6 10 | 10.0
Stealth        | |  1.5

Action                   |  1- 3 |  4- 6 |  7- 9 | 10-12 | 13-15 | 16-18 || total
-------------------------+-------+-------+-------+-------+-------+-------++-------
Melee: Mace              |    23 |       |       |       |       |       ||    23
       Headbutt          |    11 |    23 |    49 |    89 |   264 |    31 ||   467
       Dagger            |    57 |    86 |    93 |       |       |       ||   236
       Unarmed           |       |    10 |       |       |       |       ||    10
       Dire flail        |       |       |   156 |   369 |    92 |       ||   617
       Demon trident     |       |       |       |       |   922 |   163 ||  1085
Throw: Dart              |       |     4 |       |       |       |       ||     4
Invok: Heroism           |       |       |       |     3 |    12 |     3 ||    18
       Finesse           |       |       |       |       |     2 |       ||     2
Evoke: Wand              |       |       |       |    10 |    12 |       ||    22
  Use: Potion            |       |       |     6 |     5 |     5 |     6 ||    22
       Scroll            |       |       |     4 |    11 |    12 |     3 ||    30
 Stab: Sleeping          |     2 |       |       |       |       |       ||     2
       Confused          |       |     2 |       |       |       |       ||     2
Armor: Robe              |    16 |       |       |       |       |       ||    16
       Ring mail         |     6 |       |       |       |       |       ||     6
       Scale mail        |       |    52 |    96 |   114 |       |       ||   262
       Skin              |       |     2 |       |       |       |       ||     2
       Troll leather arm |       |       |       |    13 |     4 |       ||    17
       Plate armour      |       |       |       |       |   320 |    85 ||   405
Dodge: Dodged            |    57 |    43 |   106 |   205 |   286 |    61 ||   758
Block: Buckler           |       |       |       |       |    61 |       ||    61
       Kite shield       |       |       |       |       |   301 |   100 ||   401
